 Dungeon Crawl Stone Soup version 0.23.2-33-g5129a83184 (webtiles) character file.

Game seed: 1571488272220715719

226 FishyPogo the Magician (level 5, -6/45 HPs)
             Began as a Draconian Skald on Aug 7, 2019.
             Mangled by a gnoll
             ... wielding a +0 halberd
              (12 damage)
             ... on level 2 of the Dungeon.
             The game lasted 00:09:18 (1981 turns).

FishyPogo the Magician (Draconian Skald)            Turns: 1981, Time: 00:09:19

Health: -6/45      AC:  5    Str: 15 (17) XL:     5   Next: 69%
Magic:  10/10      EV: 13    Int: 10 (13) God:
Gold:   65         SH:  0    Dex:  9 (10) Spells: 9/10 levels left

rFire    x . .     SeeInvis .   a - +0 mace
rCold    + . .     Gourm    .   (no shield)
rNeg     . . .     Faith    .   (armour unavailable)
rPois    .         Spirit   .   (helmet restricted)
rElec    .         Reflect  .   (no cloak)
rCorr    .         Harm     .   (no gloves)
MR       .....                  (no boots)
Stlth    +.........             (no amulet)
HPRegen  0.15/turn              f - ring of ice
MPRegen  0.12/turn              o - +2 ring of strength

@: no status effects
A: unfitting armour, horns 1, wild magic 1, cold-blooded, AC +5
a: no special abilities


You were on level 2 of the Dungeon.
You were not hungry.

You visited 1 branch of the dungeon, and saw 2 of its levels.

You collected 65 gold pieces.

Inventory:

Hand Weapons
 a - a +0 mace (weapon)
Missiles
 h - 33 stones (quivered)
Jewellery
 f - a ring of ice (left hand)
 o - a +2 ring of strength (right hand)
Scrolls
 j - 2 scrolls of teleportation {unknown}
 l - 2 scrolls of enchant armour {unknown}
 m - 2 scrolls of random uselessness {unknown}
 s - a scroll of amnesia
Potions
 e - a potion of invisibility
 n - a potion of flight
 p - a potion of curing
Comestibles
 b - 7 chunks of flesh
 c - 5 rations


   Skills:
 + Level 3.2 Fighting
 + Level 2.8 Maces & Flails
 * Level 3.4 Dodging
 * Level 3.4 Spellcasting
 + Level 3.3 Charms


You had 9 spell levels left.
You knew the following spells:

 Your Spells              Type           Power        Failure   Level  Hunger
a - Infusion              Chrm           ##..         11%         1    #......

Your spell library contained the following spells:

 Spells                   Type           Power        Failure   Level  Hunger
 Song of Slaying          Chrm           ##......     16%         2    ###....
 Shroud of Golubria       Chrm/Tloc      #.........   28%         2    ###....
 Regeneration             Chrm/Necr      #.........   47%         3    ###....
 Spectral Weapon          Hex/Chrm       #.......     47%         3    ###....


Dungeon Overview and Level Annotations

Branches:
Dungeon (2/15)

Altars:


Innate Abilities, Weirdness & Mutations

Your plain brown scales are hard. (AC +5)
You cannot fit into any form of body armour.
You are cold-blooded and may be slowed by cold attacks.
You have a pair of small horns on your head.
Your spells are a little harder to cast, but a little more powerful.


Message History

It was a potion of mutation.
You feel extremely strange. A pair of horns grows on your head!
You feel clever.
You feel stupid.
You feel less in control of your magic. The gnoll barely misses you.
It was a potion of cancellation.
You feel magically purged.
The gnoll throws a throwing net.
The throwing net closely misses you.
You see here a throwing net.
It was a potion of magic.
Magic courses through your body. The gnoll barely misses you.
It was a potion of degeneration.
There was something very wrong with that liquid.
You feel weakened.
You feel dopey.
You feel clumsy.
As you read the scroll labeled PISHREKHLETWY, it crumbles to dust.
You hear a loud clanging noise!
It was a scroll of noise.
The gnoll barely misses you.
As you read the scroll labeled VYTHIH CINONTU, it crumbles to dust.
It is a scroll of amnesia.
Okay, then.
The gnoll hits you from afar with a +0 halberd!
You die...

##...# #.(.....# ###
######...###.#####.#
#..................#
#.####.#..##.#####.#
#.# #.#(.##.#####.#
#.#
#.#..##.g(g.#.#######*
#.#
#.#..##g###).........*
#.# #.#..##.#
###.######,* #.#
#.#..##@# #.# *,* #.#
#.#..##.#####.#** *,*
#.# #.#............,*
*,* #.#
#.##..........#.*
*,*** #.#
#.#####.#######.#
*,,,. #.# #.#
#...,,,,,,# ****# #.#
#.# #..##****** #
#.####.# ##..####### #
#.#....# #.........# #


You could see 2 gnolls.

Vanquished Creatures
  Sigmund (D:2)
  A gnoll (D:2)
  3 adders (D:2)
  A worm (D:2)
  2 dart slugs
  4 bats
  6 giant cockroaches
  2 goblins (D:2)
  2 hobgoblins (D:1)
  4 jackals
  2 frilled lizards (D:1)
  5 kobolds
  5 rats
38 creatures vanquished.

Notes
Turn   | Place    | Note
-------+----------+-------------------------------------------
     0 | D:1      | FishyPogo the Draconian Skald began the quest for the Orb.
     0 | D:1      | Reached XP level 1. HP: 17/17 MP: 3/3
   272 | D:1      | Reached XP level 2. HP: 20/25 MP: 0/5
   448 | D:1      | HP: 1/25 [hobgoblin/+0 club (4)]
  1304 | D:2      | Reached XP level 3. HP: 30/30 MP: 1/6
  1340 | D:2      | Noticed Sigmund
  1427 | D:2      | Killed Sigmund
  1427 | D:2      | Reached XP level 4. HP: 38/38 MP: 4/8
  1427 | D:2      | Reached XP level 5. HP: 45/45 MP: 4/9
  1970 | D:2      | Gained mutation: You have a pair of small horns on your
                  | head. [potion of mutation]
  1970 | D:2      | Gained mutation: Your mind is acute. (Int +2) [potion of
                  | mutation]
  1970 | D:2      | Lost mutation: Your mind is acute. (Int +2) [potion of
                  | mutation]
  1970 | D:2      | Gained mutation: Your spells are a little harder to cast,
                  | but a little more powerful. [potion of mutation]
  1981 | D:2      | Mangled by a gnoll

Skill      XL: |  1  2  3 |
---------------+----------+-----
Fighting       | 3 |  3.2
Dodging        | 3 |  3.4
Spellcasting   | 3 |  3.4
Charms         | 3 |  3.3
Maces & Flails | |  2.8

Action                   |  1- 3 |  4- 6 || total
-------------------------+-------+-------++-------
Melee: Dagger            |    69 |       ||    69
       Mace              |    45 |    51 ||    96
       Tailslap          |    11 |     3 ||    14
Throw: Stone             |    11 |       ||    11
 Cast: Infusion          |     8 |     5 ||    13
  Use: Scroll            |     3 |     2 ||     5
       Potion            |     6 |     5 ||    11
 Stab: Sleeping          |     1 |       ||     1
  Eat: Chunk             |     1 |     3 ||     4
Armor: Skin              |    33 |    28 ||    61
Dodge: Dodged            |    74 |    49 ||   123
